Map: Triton LE

Players

Robotikov - Winner!

  • Race: Terran Terran
  • Spawn Location: 5:00

Enemy

  • Race: Zerg Zerg
  • League: Master
  • Spawn Location: 11:00

VOD

Have the link to the VOD?

Description

Time

  • Played on: Oct. 5, 2019, 2:02 p.m.
  • Length: 6:11
Show
View Real Time Build Order
Export as new Build Order

Robotikov Terran - Winner!

Build Orders: Hellion Opening, Reaper Expand 

Get SALT Encoding   

  12  0:00  SCV  
  13  0:12  SCV  
  14  0:17  Supply Depot  
  14  0:24  SCV  
  15  0:38  SCV  
  15  0:40  Barracks  
  16  0:45  Refinery  
  16  0:50  SCV  
  17  1:03  SCV  
  18  1:15  SCV  
  19  1:28  Orbital Command, Reaper  
  20  1:41  Command Center  
  20  1:52  Supply Depot  
  20  1:54  SCV  
  21  2:00  Marine  
  22  2:06  SCV  
  23  2:16  Factory, Refinery  
  23  2:19  SCV  
  24  2:23  Barracks Reactor  
  24  2:31  SCV  
  25  2:44  SCV  
  26  2:53  Orbital Command  
  26  2:56  SCV  
  27  3:01  Starport  
  27  3:06  Hellion  
  27  3:07  Hellion  
  27  3:08  Marine  
  27  3:11  SCV  
  34  3:20  SCV  
  34  3:23  SCV  
  34  3:25  Supply Depot  
  35  3:28  Hellion x2  
  35  3:30  Barracks Tech Lab  
  35  3:32  SCV  
  40  3:35  SCV  
  41  3:42  Viking  
  41  3:48  Fusion Core  
  43  3:49  Supply Depot  
  43  3:51  Hellion  
  43  3:54  Hellion  
  47  3:58  SCV x2  
  49  4:07  Supply Depot  
  49  4:12  SCV x2  
  49  4:18  Hellion x2  
  53  4:25  SCV x2  
  55  4:37  SCV  
  55  4:38  SCV  
  57  4:39  Battlecruiser  
  57  4:44  Command Center  
  62  4:50  Hellion x2  
  66  4:53  SCV x2  
  66  4:55  Supply Depot  
  68  5:01  Refinery x2  
  66  5:19  Hellion x2  
  72  5:21  SCV x2  
  72  5:33  SCV x2  
  74  5:40  Hellion  
  74  5:41  Hellion  
  78  5:54  Supply Depot  
  78  5:56  SCV x2  
  86  5:59  SCV  
Show
View Real Time Build Order
Export as new Build Order

Enemy Zerg 

Build Orders: Hatch First 

Get SALT Encoding   

  12  0:02  Drone  
  13  0:14  Overlord  
  13  0:21  Drone  
  13  0:25  Drone, Extractor  
  15  0:33  Drone  
  16  0:52  Hatchery  
  16  0:53  Drone  
  16  0:56  Drone  
  17  0:59  Drone  
  18  1:10  Extractor  
  17  1:15  Spawning Pool  
  17  1:18  Drone  
  17  1:20  Drone  
  18  1:30  Drone  
  19  1:40  Overlord  
  19  1:56  Drone  
  20  2:04  Queen  
  22  2:09  Hatchery  
  22  2:14  Queen  
  23  2:17  Zergling x2  
  23  2:20  Zergling x2  
  25  2:25  Metabolic Boost  
  25  2:30  Extractor  
  25  2:32  Drone  
  25  2:33  Drone  
  25  2:36  Drone  
  27  2:40  Drone  
  28  2:49  Drone x3  
  31  2:55  Drone  
  32  2:59  Overlord  
  32  3:06  Drone  
  32  3:10  Queen  
  35  3:18  Drone  
  36  3:21  Drone  
  36  3:23  Drone x5  
  42  3:29  Drone  
  43  3:35  Drone  
  43  3:38  Drone  
  43  3:40  Drone  
  46  3:43  Drone, Evolution Chamber  
  46  3:46  Zergling x2  
  47  3:50  Overlord  
  47  3:57  Overlord  
  47  3:59  Overlord  
  47  4:11  Zergling x6  
  47  4:14  Zerg Melee Weapons Level 1  
  50  4:17  Spore Crawler  
  50  4:18  Spore Crawler  
  50  4:20  Spore Crawler, Drone  
  50  4:21  Drone x3  
  50  4:23  Extractor  
  50  4:25  Drone, Extractor  
  50  4:26  Drone x3  
  50  4:28  Zergling x2  
  54  4:36  Zergling x4  
  54  4:38  Queen x2, Drone  
  56  4:49  Drone  
  56  4:50  Drone x4  
  61  4:56  Zergling x4  
  63  5:00  Zergling x2  
  63  5:04  Zergling x2  
  63  5:05  Zergling x2  
  63  5:07  Overlord  
  66  5:13  Roach Warren  
  65  5:20  Overlord x3  
  65  5:22  Overlord  
  65  5:30  Drone  
  66  5:37  Overlord  
  66  5:39  Overlord  
  66  5:40  Drone x2  
  66  5:41  Drone x6  
  74  5:43  Drone  
  74  5:44  Drone  
  74  5:48  Drone  
  77  5:50  Drone  
Tags
 
Add a new tag
Caveats
  • Supply blocks, unpowered buildings, or Contaminate may cause inaccurate times.
  • Supply counts are checked every 10 seconds.